 Dungeon Crawl Stone Soup version 0.28.0-43-g3370ac3207 (webtiles) character file.

Game seed: 11873947078895539620

74 Pemander the Covered (level 4, -3/32 HPs)
             Began as a Gnoll Wanderer on Mar 21, 2022.
             Killed from afar by an orc wizard (7 damage)
             ... with a puff of flame
             ... on level 3 of the Dungeon.
             The game lasted 00:03:42 (2287 turns).

Pemander the Covered (Gnoll Wanderer)               Turns: 2287, Time: 00:03:43

Health: -3/32      AC:  3    Str: 13    XL:     4   Next: 28%
Magic:  1/11       EV: 11    Int: 14    God:
Gold:   82         SH:  4    Dex:  9    Spells: 12/13 levels left

rFire   . . .      SeeInvis .   f - +0 whip
rCold   . . .      Faith    .   b - +0 buckler
rNeg    . . .      Spirit   .   k - +0 robe
rPois   .          Reflect  .   (no helmet)
rElec   .          Harm     .   a - +0 cloak
rCorr   .          Rampage  .   (no gloves)
Will    .....                   (no boots)
Stlth   +.........              (no amulet)
HPRegen 0.10/turn               (no ring)
MPRegen 0.12/turn               (no ring)

@: no status effects
A: fangs 1, strong nose, distributed training
a: no special abilities


You were on level 3 of the Dungeon.
You visited 1 branch of the dungeon, and saw 3 of its levels.

You collected 82 gold pieces.

Inventory:

Hand Weapons
 f - a +0 whip (weapon)
Missiles
 c - 15 stones
Armour
 a - a +0 cloak (worn)
 b - a +0 buckler (worn)
 d - a +2 scale mail
 k - a +0 robe (worn)
Jewellery
 n - the ring of Puolih {Ice Drain Will+ rCorr}
   (You found it on level 2 of the Dungeon)

   [ring of ice]

   It enhances your ice magic.
   rF:        It makes you vulnerable to fire.
   rC:        It protects you from cold.
   rCorr:     It protects you from acid and corrosion.
   Drain:     It drains your maximum health when unequipped.
   Will:      It increases your willpower.
Scrolls
 h - a scroll of fear {unknown}
 j - a scroll of brand weapon {unknown}
 l - a scroll of teleportation {unknown}
 o - a scroll of vulnerability {unknown}
Potions
 e - a potion of degeneration {unknown}
 g - 3 potions of curing {unknown}
 i - a potion of invisibility {unknown}
 m - a potion of heal wounds {unknown}


   Skills:
 + Level 1.1 Fighting
 + Level 1.1 Short Blades
 + Level 1.1 Long Blades
 + Level 1.1 Axes
 + Level 1.1 Maces & Flails
 + Level 1.1 Polearms
 + Level 1.1 Staves
 + Level 1.1 Slings
 + Level 1.1 Bows
 + Level 1.1 Crossbows
 + Level 1.1 Throwing
 + Level 6.6 Armour
 + Level 2.7 Dodging
 + Level 1.1 Stealth
 + Level 2.7 Shields
 + Level 1.1 Unarmed Combat
 + Level 5.0 Spellcasting
 + Level 0.8 Conjurations
 + Level 0.8 Hexes
 + Level 0.8 Summonings
 + Level 0.8 Necromancy
 + Level 0.8 Translocations
 + Level 0.8 Transmutations
 + Level 0.8 Fire Magic
 + Level 0.8 Ice Magic
 + Level 0.8 Air Magic
 + Level 2.2 Earth Magic
 + Level 0.8 Poison Magic
 + Level 1.2 Invocations
 + Level 4.6 Evocations


You had 12 spell levels left.
You knew the following spells:

 Your Spells              Type           Power      Damage    Failure   Level
a - Sandblast             Erth           18%        2d7       9%          1

Your spell library contained the following spells:

 Spells                   Type           Power      Damage    Failure   Level
 Animate Skeleton         Necr           12%        N/A       16%         1
 Beastly Appendage        Tmut           12%        N/A       16%         1
 Pain                     Necr           24%        1d5       16%         1
 Wereblood                Tmut           6%         N/A       24%         2
 Stone Arrow              Conj/Erth      14%        3d7       36%         3
 Spider Form              Tmut/Pois      6%         N/A       43%         3
 Vampiric Draining        Necr           6%         2d6       43%         3


Dungeon Overview and Level Annotations

Branches:
Dungeon (3/15)

Altars:


Innate Abilities, Weirdness & Mutations

You have very sharp teeth.
Your uncanny sense of smell can sniff out nearby items.
Your experience applies equally to all skills.


Message History

You miss something. You block something's attack.
You miss something. Something hits you.
You miss something. Something hits you.
You hear some strange, mumbled words.
A puff of flame appears from out of thin air!
The puff of flame hits you.
You barely miss something. Something hits you but does no damage.
You miss something. Your bite misses something. Something hits you.
Casting: Sandblast (safe; 9% risk of failure)
Confirm with . or Enter, or press ? or * to list all spells.
Aiming: Sandblast (safe; 9% risk of failure)
Press: ? - help, Shift-Dir - straight line Something hits you but does no damage.
Casting: Sandblast (safe; 9% risk of failure)
Confirm with . or Enter, or press ? or * to list all spells.
You don't have enough magic to cast this spell.
You completely miss something. Something hits you.
* * * LOW HITPOINT WARNING * * *
You completely miss something. Something hits you.
* * * LOW HITPOINT WARNING * * *
There is an escape hatch in the ceiling here.
Casting: Sandblast (safe; 9% risk of failure)
Confirm with . or Enter, or press ? or * to list all spells.
Okay, then.
Casting: Sandblast (safe; 9% risk of failure)
Confirm with . or Enter, or press ? or * to list all spells.
Aiming: Sandblast (safe; 9% risk of failure)
Press: ? - help, Shift-Dir - straight line The blast of sand hits something.
Something hits you.
* * * LOW HITPOINT WARNING * * *
You miss something. Something hits you but does no damage. Something hits you.
* * * LOW HITPOINT WARNING * * *
Something completely misses you.
You miss something. Something hits you but does no damage.
You barely miss something. Your bite misses something.
You hear some strange, mumbled words.
A puff of flame appears from out of thin air!
The puff of flame hits you!
You die...

#.#.#.. #.#
#.....)###.#
......).)..#
##.##.###..#
# #..####.#
#.......#
#.#######
#.#######
#...{@..#
#######.#
#<......# ∆
#########


There were no monsters in sight!

Vanquished Creatures
  2 adders
  A worm (D:2)
  2 dart slugs
  4 orcs (D:3)
  2 ball pythons
  3 endoplasms (D:1)
  8 goblins
  2 hobgoblins (D:1)
  5 kobolds
  A quokka (D:1)
  7 bats
  4 frilled lizards
41 creatures vanquished.

Notes
Turn   | Place    | Note
-------+----------+-------------------------------------------
     0 | D:1      | Pemander the Gnoll Wanderer began the quest for the Orb.
     0 | D:1      | Pemander set off with the following items: a +0 club, a +0
                  | buckler, 32 stones, a +2 scale mail; and the following
                  | spell memorised: Sandblast; and the following spells
                  | available to memorise: Stone Arrow
     0 | D:1      | Reached XP level 1. HP: 13/13 MP: 6/6
    85 | D:1      | Reached XP level 2. HP: 11/19 MP: 7/7
   735 | D:1      | Found a faded altar of an unknown god.
   936 | D:1      | Reached XP level 3. HP: 25/25 MP: 9/9
   976 | D:1      | Reached skill level 5 in Spellcasting
  1492 | D:2      | Reached skill level 1 in Invocations
  1576 | D:2      | Identified the ring of Puolih {Ice Drain Will+ rCorr}
  1764 | D:2      | Reached skill level 1 in Fighting
  1764 | D:2      | Reached skill level 1 in Short Blades
  1764 | D:2      | Reached skill level 1 in Long Blades
  1764 | D:2      | Reached skill level 1 in Axes
  1764 | D:2      | Reached skill level 1 in Maces & Flails
  1764 | D:2      | Reached skill level 1 in Polearms
  1764 | D:2      | Reached skill level 1 in Staves
  1764 | D:2      | Reached skill level 1 in Slings
  1764 | D:2      | Reached skill level 1 in Bows
  1764 | D:2      | Reached skill level 1 in Crossbows
  1764 | D:2      | Reached skill level 1 in Throwing
  1764 | D:2      | Reached skill level 1 in Stealth
  1764 | D:2      | Reached skill level 1 in Unarmed Combat
  1967 | D:3      | Reached XP level 4. HP: 8/32 MP: 7/11
  2287 | D:3      | Killed from afar by an orc wizard

Illustrated notes

Levels and vault maps discovered:
D:1:      elethiomel_arrival_quiet, layout_basic,
          chequers_ecumenical_altar_twisty
D:2:      layout_basic
D:3:      layout_basic, hangedman_abyss_or_decor_lesser_grid, uniq_grinder

Skill      XL: |  1  2  3 |
---------------+----------+-----
Earth Magic    | 2 |  2.2
Spellcasting   | 5 |  5.0
Invocations    | 1 |  1.2
Fighting       | 1 |  1.1
Short Blades   | 1 |  1.1
Long Blades    | 1 |  1.1
Axes           | 1 |  1.1
Maces & Flails | 1 |  1.1
Polearms       | 1 |  1.1
Staves         | 1 |  1.1
Slings         | 1 |  1.1
Bows           | 1 |  1.1
Crossbows      | 1 |  1.1
Throwing       | 1 |  1.1
Stealth        | 1 |  1.1
Unarmed Combat | 1 |  1.1
Armour         | |  6.6
Dodging        | |  2.7
Shields        | |  2.7
Conjurations   | |  0.8
Hexes          | |  0.8
Summonings     | |  0.8
Necromancy     | |  0.8
Translocations | |  0.8
Transmutations | |  0.8
Fire Magic     | |  0.8
Ice Magic      | |  0.8
Air Magic      | |  0.8
Poison Magic   | |  0.8
Evocations     | |  4.6

Action                   |  1- 3 |  4- 6 || total
-------------------------+-------+-------++-------
Melee: Club              |    77 |       ||    77
       Bite              |     8 |     1 ||     9
       Whip              |    66 |    15 ||    81
 Cast: Sandblast         |    25 |    13 ||    38
Armor: Scale mail        |    79 |       ||    79
       Robe              |     2 |     8 ||    10
Dodge: Dodged            |    88 |     5 ||    93
Block: Buckler           |    35 |     1 ||    36
